 Dungeon Crawl Stone Soup version 0.21-a0-349-g0c35859 (webtiles) character file.

86289 Dfrag the Thaumaturge (level 15, -2/122 HPs)
             Began as a Demonspawn Fire Elementalist on Oct 7, 2017.
             Was the Champion of Vehumet.
             Slain by Donald
             ... wielding a +1 demon trident of electrocution
              (31 damage)
             ... on level 1 of the Swamp on Oct 9, 2017.
             The game lasted 01:26:35 (24364 turns).

Dfrag the Thaumaturge (DsFE)                       Turns: 24364, Time: 01:26:36

Health: -2/122     AC: 12    Str:  9    XL:     15   Next: 40%
Magic:  2/33       EV: 18    Int: 23    God:    Vehumet [******]
Gold:   1984       SH:  0    Dex: 13    Spells: 0/43 levels left

rFire    + . .     SeeInvis .   Y - +8 quarterstaff of Shame {freeze, Stlth+}
rCold    . . .     Gourm    .   (shield currently unavailable)
rNeg     . . .     Faith    .   H - +1 robe {MR+}
rPois    .         Spirit   .   o - +2 helmet
rElec    .         Reflect  .   n - +2 cloak
rCorr    .         Harm     .   (gloves unavailable)
MR       ++...                  (no boots)
Stlth    ++++......             (no amulet)
HPRegen  0.30/turn              g - +6 ring of evasion
MPRegen  0.23/turn              y - ring of fire

@: very slightly contaminated
A: claws 3, talons 1, rugged brown scales 3, camouflage 1, cold resistance 1,
demonic guardian 2, powered by death 2, robust 1
a: Renounce Religion


You were on level 1 of the Swamp.
You worshipped Vehumet.
Vehumet was exalted by your worship.
You were hungry.

You visited 6 branches of the dungeon, and saw 25 of its levels.
You also visited: Bailey.

You collected 2341 gold pieces.
You spent 357 gold pieces at shops.

Inventory:

Hand Weapons
 Y - the +8 quarterstaff of Shame (weapon) {freeze, Stlth+}
   (You found it on level 2 of the Lair of Beasts)

   It has been specially enchanted to freeze those struck by it, causing extra
   injury to most foes and up to half again as much damage against particularly
   susceptible opponents.
   It can also slow down cold-blooded creatures.
   It makes you more stealthy.
Armour
 n - a +2 cloak (worn)
 o - a +2 helmet (worn)
 H - a +1 robe of magic resistance (worn)
 T - a +0 helmet
 V - a +2 robe of positive energy
Jewellery
 g - a +6 ring of evasion (left claw)
 y - a ring of fire (right claw)
 J - a +3 ring of protection
Wands
 b - a wand of random effects (10/48)
 s - a wand of disintegration (13/24)
 K - a wand of flame (40/48)
 L - a wand of acid (8/15)
 R - a wand of flame (21/48)
 W - a wand of polymorph (13/24)
Scrolls
 a - a scroll of blinking
 e - 9 scrolls of remove curse
 f - 7 scrolls of enchant weapon
 h - 3 scrolls of immolation
 j - 9 scrolls of enchant armour
 l - 3 scrolls of fog
 r - 6 scrolls of teleportation
 v - 5 scrolls of magic mapping
 x - 2 scrolls of amnesia
 z - 2 scrolls of fear
 B - 2 scrolls of recharging
 N - a scroll of silence
 Q - 2 scrolls of summoning
 S - 2 scrolls of identify
Potions
 i - 11 potions of curing
 m - 5 potions of brilliance
 p - 4 potions of cancellation
 q - 6 potions of lignification
 t - 6 potions of agility
 w - 3 potions of heal wounds
 A - 2 potions of haste
 C - 6 potions of flight
 E - 2 potions of mutation
 M - 3 potions of berserk rage
 O - 3 potions of might
 P - 3 potions of resistance
 Z - a potion of invisibility
Books
 k - a book of Clouds

   Spells                             Type                      Level
   a - Poisonous Vapours              Poison/Air                   2
   b - Mephitic Cloud                 Conjuration/Poison/Air       3
   c - Conjure Flame                  Conjuration/Fire             3
   d - Freezing Cloud                 Conjuration/Ice/Air          6
   e - Ring of Flames                 Charms/Fire                  7
 G - a book of Power

   Spells                             Type                      Level
   a - Iskenderun's Battlesphere      Conjuration/Charms           5
   b - Venom Bolt                     Conjuration/Poison           5
   c - Bolt of Magma                  Conjuration/Fire/Earth       5
   d - Iron Shot                      Conjuration/Earth            6
   e - Orb of Destruction             Conjuration                  7
   f - Spellforged Servitor           Conjuration/Summoning        7
 I - a book of Death

   Spells                             Type                      Level
   a - Corpse Rot                     Necromancy                   2
   b - Sublimation of Blood           Necromancy                   2
   c - Agony                          Necromancy                   5
   d - Dispel Undead                  Necromancy                   5
   e - Excruciating Wounds            Charms/Necromancy            5
   f - Bolt of Draining               Conjuration/Necromancy       5
 X - a book of Conjurations

   Spells                             Type                      Level
   a - Magic Dart                     Conjuration                  1
   b - Searing Ray                    Conjuration                  2
   c - Dazzling Spray                 Conjuration/Hexes            3
   d - Fulminant Prism                Conjuration/Hexes            4
   e - Force Lance                    Conjuration/Translocation    4
   f - Iskenderun's Mystic Blast      Conjuration                  4
Miscellaneous
 u - a crystal ball of energy
Comestibles
 c - 12 bread rations
 d - 11 fruits
 D - 13 royal jellies
 U - 12 meat rations


   Skills:
 - Level 6.1 Fighting
 - Level 1.7 Dodging
 - Level 1.7 Stealth
 - Level 14.5 Spellcasting
 - Level 13.3 Conjurations
 - Level 13.0 Fire Magic
 * Level 3.0 Ice Magic
 * Level 5.1 Air Magic
 - Level 7.3 Earth Magic


You couldn't memorise any spells.
You knew the following spells:

 Your Spells              Type           Power        Failure   Level  Hunger
a - Flame Tongue          Conj/Fire      #####        0%          1    None
b - Conjure Flame         Conj/Fire      #######.     1%          3    None
c - Sticky Flame          Conj/Fire      #######.     1%          4    None
d - Fireball              Conj/Fire      #######...   1%          5    ###....
e - Iron Shot             Conj/Erth      ######....   2%          6    #####..
f - Mephitic Cloud        Conj/Pois/Air  #####...     1%          3    None
g - Poison Arrow          Conj/Pois      #####.....   10%         6    #####..
h - Blink                 Tloc           N/A          5%          2    None
i - Orb of Destruction    Conj           ######....   3%          7    ######.
j - Freezing Cloud        Conj/Ice/Air   #####.....   8%          6    #####..


Dungeon Overview and Level Annotations

Branches:
Dungeon (13/15)            Temple (1/1) D:5            Lair (6/6) D:11
  Swamp (1/4) Lair:3        Snake (2/4) Lair:2        Slime (0/5) Lair:6
    Orc (2/2) D:12            Elf (0/3) Orc:2
 Vaults: D:13-14

Altars:
Dithmenos
Fedhas
Ru
Trog
Vehumet
Yredelemnul
Zin
Beogh

Shops:
D:4 :   D:7 !   Orc:2 [*=(   Snake:1 [

Annotations:
Swamp:1 Donald
Snake:2 Louise


Innate Abilities, Weirdness & Mutations

You have claws for hands.
You are completely covered in rugged brown scales. (AC +3, +7% HP)
Your flesh is cold resistant. (rC+)
A demonic guardian rushes to your aid.
You regenerate health from kills.
You have sharp toenails.
Your skin changes colour to match your surroundings (Stealth+).
You are robust. (+10% HP)


Message History

Donald appears unharmed.
Donald is almost dead.
Your sixfirhy splashes around in the water.
Donald blocks your sixfirhy's attack.
Your sixfirhy splashes around in the water.
Donald is engulfed in a cloud of scalding steam.
Donald barely misses your sixfirhy.
Your sixfirhy splashes around in the water.
Donald hits your sixfirhy with a demon trident of electrocution!!
You barely miss Donald.
Donald is almost dead.
Donald blocks your sixfirhy's attack. x2
Donald hits you with a demon trident of electrocution.
Unknown command.
Donald blocks your attack.
Donald is almost dead.
Donald hits you with a demon trident of electrocution!!!
* * * LOW HITPOINT WARNING * * *
Donald hits you with a demon trident of electrocution!!
You die...

♣♣♣≈.≈≈≈≈≈≈≈...
♣♣....≈≈≈≈≈≈≈...
♣♣≈...≈≈≈≈≈≈≈≈..≈
♣≈≈...≈≈≈≈≈≈≈≈≈..
♣..♣...≈≈≈≈≈.....
♣♣§≈≈≈♣.≈≈.......
♣♣..≈≈♣♣♣...≈..♣.≈
♣♣3≈≈≈≈♣ ♣♣≈.≈≈≈.♣
♣≈@@≈♣♣♣♣♣♣..≈≈≈.♣
♣♣.≈.♣ ♣♣≈..≈.≈≈.♣
♣♣...♣♣♣.≈≈≈.≈.≈≈≈♣
♣♣≈≈≈.♣♣≈.≈≈≈>...≈≈≈
♣.≈≈≈≈....≈≈........
♣♣♣.≈≈≈≈≈......[......
♣...≈≈≈≈..............
♣.≈..≈≈...####.#+####.
♣≈...≈...#....#.....#.


You could see Donald and a friendly sixfirhy.

Vanquished Creatures
  An orc warlord (Orc:2)
  The ghost of THUG4L1F3 the Brawler, a journeyman TrMo (Lair:6)
  The ghost of civil the Cleaver, a journeyman DDFi of Makhleb (Lair:5)
  A naga warrior (Snake:1)
  A fire dragon (Lair:4)
  Fannar (Orc:1)
  4 hydras
  2 anacondas
  4 catoblepae
  Erica (Lair:2)
  3 alligators (Swamp:1)
  3 two-headed ogres
  3 death yaks (Lair:6)
  An orc high priest (Orc:2)
  A shock serpent (Snake:2)
  A spriggan (Swamp:1)
  2 naga sharpshooters
  Nergalle (D:11)
  A salamander mystic (Snake:2)
  A swamp dragon (Swamp:1)
  A phantasmal warrior (D:12)
  A naga ritualist (Snake:2)
  5 orc knights
  An ugly thing (D:13)
  2 manticores
  4 cyclopes
  A mana viper (Snake:2)
  4 orc sorcerers (Orc:2)
  A centaur zombie (D:12)
  8 black mambas
  A naga mage (Snake:1)
  7 komodo dragons
  14 spiny frogs
  A freezing wraith (D:12)
  9 rime drakes
  A queen bee (shapeshifter) (D:13)
  5 trolls
  A hornet (Swamp:1)
  2 tyrant leeches (Swamp:1)
  Prince Ribbit (D:7)
  12 hippogriffs
  A meliai zombie (D:13)
  4 dream sheep (Lair:6)
  22 blink frogs
  A bog body (Swamp:1)
  31 yaks
  7 wraiths
  2 vampires
  A basilisk (Lair:5)
  2 wyverns
  6 vampire mosquitoes (Swamp:1)
  8 steam dragons (Lair:4)
  8 wargs
  A swamp worm (Swamp:1)
  5 nagas
  7 water moccasins
  A phantom (D:13)
  5 porcupines
  2 eyes of draining
  27 orc warriors
  2 black bears
  A hornet zombie (D:10)
  2 sky beasts
  4 ice beasts
  A necrophage (D:11)
  5 ogres
  14 centaurs
  10 wolves (Lair:6)
  The ghost of Dfrag the Firebug, an amateur DsFE (D:3)
  8 crocodiles
  2 big kobolds (D:10)
  10 bullfrogs
  A wyvern zombie (D:11)
  2 scorpions
  20 killer bees
  5 electric eels (Lair:2)
  3 crimson imps
  4 bullfrog zombies
  4 hounds
  26 orc priests
  4 jellies (Lair:6)
  28 orc wizards
  2 bullfrog skeletons
  4 iguanas
  2 centaur skeletons
  8 worker ants
  Natasha (twice) (D:3)
  A hound skeleton (D:4)
  A howler monkey zombie (D:10)
  A worker ant zombie (D:11)
  13 adders
  4 shadow imps
  3 oozes
  A worm (D:2)
  2 dart slugs
  4 leopard geckos
  122 orcs
  3 giant cockroaches (D:2)
  15 goblins
  6 hobgoblins
  11 jackals
  2 quokkas
  A ball python (D:1)
  5 bats
  10 frilled lizards
  13 kobolds
  A leopard gecko zombie (D:5)
  A quokka skeleton (D:4)
  2 quokka zombies
  10 rats
  A bush (D:10)
  A fungus (Lair:6)
666 creatures vanquished.

Vanquished Creatures (collateral kills)
  A dire elephant (Lair:2)
  Josephine (Lair:5)
  A rakshasa (D:12)
  A death knight (D:12)
  2 hydras
  A catoblepas (Lair:6)
  A two-headed ogre (D:13)
  3 death yaks (Lair:6)
  5 orc knights
  A mana viper (Snake:1)
  An ugly thing (D:11)
  A salamander (Snake:1)
  A manticore (Lair:6)
  Joseph (D:8)
  A naga mage (Snake:2)
  2 rime drakes (Lair:4)
  3 trolls
  A polar bear (Lair:6)
  A queen bee (D:8)
  3 blink frogs (Lair:3)
  3 wraiths
  15 yaks
  A water moccasin (D:7)
  A naga (Snake:2)
  A porcupine (Lair:1)
  5 orc warriors
  2 wolves (Lair:6)
  2 ogres (D:7)
  4 crocodiles
  3 bullfrogs
  A crimson imp (D:11)
  3 jellies
  A quasit (D:7)
  An orc priest (D:4)
  An orc wizard (Orc:2)
  A worker ant (D:7)
  An adder (D:8)
  A shadow imp (D:11)
  9 orcs
  A quokka (D:7)
  A butterfly (Lair:3)
90 creatures vanquished.

Vanquished Creatures (others)
  A rime drake (Lair:4)
  2 bushes (Lair:6)
  14 fungi
  9 plants
  11 toadstools (Lair:2)
37 creatures vanquished.

Grand Total: 793 creatures vanquished

Notes
Turn   | Place    | Note
-------+----------+-------------------------------------------
     0 | D:1      | Dfrag the Demonspawn Fire Elementalist began the quest for the Orb.
     0 | D:1      | Reached XP level 1. HP: 13/13 MP: 3/3
    59 | D:1      | Gained mutation: You regenerate a little health from kills. [demonic ancestry]
    59 | D:1      | Reached XP level 2. HP: 19/19 MP: 0/5
   551 | D:1      | Gained mutation: You are partially covered in rugged brown scales. (AC +1, +3% HP) [demonic ancestry]
   551 | D:1      | Reached XP level 3. HP: 19/24 MP: 6/6
   714 | D:2      | Learned a level 3 spell: Conjure Flame
  1177 | D:2      | Gained mutation: You regenerate health from kills. [demonic ancestry]
  1177 | D:2      | Reached XP level 4. HP: 26/30 MP: 0/8
  1207 | D:2      | Reached skill level 3 in Spellcasting
  1589 | D:3      | Noticed Dfrag's ghost (amateur DsFE)
  1631 | D:3      | Gained mutation: You have sharp fingernails. [demonic ancestry]
  1631 | D:3      | Reached XP level 5. HP: 36/36 MP: 6/9
  1736 | D:3      | Killed Dfrag's ghost
  2155 | D:3      | Noticed Natasha
  2160 | D:3      | Killed Natasha
  2160 | D:3      | Gained mutation: A weak demonic guardian rushes to your aid. [demonic ancestry]
  2160 | D:3      | Reached XP level 6. HP: 42/42 MP: 7/11
  2179 | D:3      | Noticed Natasha
  2183 | D:3      | Killed Natasha
  2541 | D:4      | Found Fecoul's Book Shoppe.
  2570 | D:4      | Reached skill level 4 in Spellcasting
  3011 | D:5      | Entered Level 5 of the Dungeon
  3045 | D:5      | Learned a level 4 spell: Sticky Flame
  3159 | D:5      | Found a shadowy altar of Dithmenos.
  3276 | D:5      | Found a basalt altar of Yredelemnul.
  3323 | D:5      | Found a staircase to the Ecumenical Temple.
  3521 | Temple   | Entered the Ecumenical Temple
  3644 | Temple   | Became a worshipper of Vehumet
  4135 | D:6      | Gained mutation: A demonic guardian rushes to your aid. [demonic ancestry]
  4135 | D:6      | Reached XP level 7. HP: 47/47 MP: 13/13
  4674 | D:7      | Learned a level 5 spell: Fireball
  4694 | D:7      | Reached skill level 5 in Fire Magic
  4699 | D:7      | Gained mutation: Your skin changes colour to match your surroundings (Stealth+). [mutagenic meat]
  4743 | D:7      | Found Okovoal's Distillery.
  4748 | D:7      | Noticed Prince Ribbit
  4753 | D:7      | Killed Prince Ribbit
  4753 | D:7      | Reached skill level 5 in Spellcasting
  4753 | D:7      | Reached skill level 5 in Conjurations
  4762 | D:7      | Bought a potion of curing for 36 gold pieces
  4762 | D:7      | Bought a potion of degeneration for 12 gold pieces
  4790 | D:7      | Gained mutation: You have very sharp fingernails. [demonic ancestry]
  4790 | D:7      | Reached XP level 8. HP: 52/53 MP: 7/15
  4896 | D:7      | Reached * piety under Vehumet
  4896 | D:7      | Offered knowledge of Sting by Vehumet.
  5178 | D:7      | Reached skill level 6 in Spellcasting
  5442 | D:8      | Noticed Joseph
  5468 | D:8      | Killed Joseph
  5563 | D:8      | Noticed a two-headed ogre
  5573 | D:8      | Gained mutation: You have claws for hands. [demonic ancestry]
  5573 | D:8      | Reached XP level 9. HP: 38/58 MP: 8/18
  5581 | D:8      | Killed a two-headed ogre
  5581 | D:8      | Reached skill level 7 in Spellcasting
  5602 | D:8      | Found a flagged portal.
  5608 | Bailey   | Entered a bailey
  5718 | Bailey   | Reached ** piety under Vehumet
  5718 | Bailey   | Offered knowledge of Shock by Vehumet.
  5994 | Bailey   | Noticed an orc knight
  5994 | Bailey   | Noticed an orc knight
  6007 | Bailey   | Noticed an orc knight
  6009 | Bailey   | Killed an orc knight
  6009 | Bailey   | Killed an orc knight
  6009 | Bailey   | Reached skill level 8 in Spellcasting
  6009 | Bailey   | Gained mutation: You are mostly covered in rugged brown scales. (AC +2, +5% HP) [demonic ancestry]
  6009 | Bailey   | Reached XP level 10. HP: 58/66 MP: 7/22
  6013 | Bailey   | Killed an orc knight
  6013 | Bailey   | Offered knowledge of Searing Ray by Vehumet.
  6087 | Bailey   | Noticed an orc knight
  6100 | Bailey   | Killed an orc knight
  6103 | Bailey   | Noticed an orc knight
  6224 | Bailey   | Killed an orc knight
  6284 | Bailey   | Noticed an orc knight
  6288 | Bailey   | Killed an orc knight
  6372 | D:8      | Reached *** piety under Vehumet
  7100 | D:9      | Reached skill level 9 in Spellcasting
  7102 | D:9      | Offered knowledge of Olgreb's Toxic Radiance by Vehumet.
  7205 | D:9      | Found a blossoming altar of Fedhas.
  7665 | D:9      | Reached **** piety under Vehumet
  7835 | D:10     | Entered Level 10 of the Dungeon
  7853 | D:10     | Gained mutation: You are completely covered in rugged brown scales. (AC +3, +7% HP) [demonic ancestry]
  7853 | D:10     | Reached XP level 11. HP: 66/72 MP: 13/24
  8055 | D:10     | Noticed a two-headed ogre
  8064 | D:10     | Killed a two-headed ogre
  8064 | D:10     | Reached skill level 10 in Conjurations
  8466 | D:10     | Offered knowledge of Bolt of Draining by Vehumet.
  8540 | D:10     | Gained mutation: You are robust. (+10% HP) [mutagenic meat]
  8541 | D:10     | Gained mutation: You have sharp toenails. [mutagenic meat]
  8944 | D:11     | Noticed Nergalle
  8949 | D:11     | Killed Nergalle
  8951 | D:11     | Reached skill level 10 in Fire Magic
  8961 | D:11     | Reached ***** piety under Vehumet
  8994 | D:11     | Offered knowledge of Iron Shot by Vehumet.
  9005 | D:11     | Learned a level 6 spell: Iron Shot
  9189 | D:11     | Found a staircase to the Lair.
  9249 | D:11     | Noticed a white ugly thing
  9252 | D:11     | Killed a white ugly thing
  9252 | D:11     | Reached skill level 10 in Spellcasting
  9552 | D:11     | Noticed a two-headed ogre
  9557 | D:11     | Killed a two-headed ogre
 10357 | D:12     | Noticed a death knight
 10358 | D:12     | Noticed a phantasmal warrior
 10360 | D:12     | Killed a death knight
 10360 | D:12     | Reached XP level 12. HP: 81/86 MP: 13/26
 10524 | D:12     | Noticed a rakshasa
 10527 | D:12     | Killed a rakshasa
 10756 | D:12     | Learned a level 3 spell: Mephitic Cloud
 10790 | D:12     | Found a staircase to the Orcish Mines.
 10910 | D:12     | Offered knowledge of Bolt of Fire by Vehumet.
 10966 | D:13     | Reached skill level 11 in Spellcasting
 11114 | D:13     | Learned a level 6 spell: Bolt of Fire
 11195 | D:13     | Noticed a two-headed ogre
 11203 | D:13     | Killed a two-headed ogre
 11477 | D:13     | Found a sacrificial altar of Ru.
 11517 | D:13     | Noticed a six-headed hydra
 11523 | D:13     | Killed a six-headed hydra
 12031 | Lair:1   | Entered Level 1 of the Lair of Beasts
 12097 | Lair:1   | Noticed a six-headed hydra
 12105 | Lair:1   | Killed a six-headed hydra
 12788 | Lair:2   | Noticed Erica
 12791 | Lair:2   | Killed Erica
 12862 | Lair:2   | Found a staircase to the Snake Pit.
 12996 | Lair:2   | Reached XP level 13. HP: 44/92 MP: 19/28
 13087 | Lair:2   | Learned a level 2 spell: Blink
 13293 | Lair:2   | Got a crude quarterstaff
 13294 | Lair:2   | Identified the +8 quarterstaff of Shame {freeze, Stlth+} (You found it on level 2 of the Lair of Beasts)
 13563 | Lair:2   | Found a runed door.
 13796 | Lair:2   | Reached skill level 12 in Spellcasting
 13799 | Lair:2   | Noticed a dire elephant
 14212 | Lair:2   | Killed a dire elephant
 14637 | Lair:3   | Offered knowledge of Conjure Ball Lightning by Vehumet.
 15198 | Lair:3   | Found a staircase to the Swamp.
 15411 | Lair:4   | Noticed a fire dragon
 15698 | Lair:4   | Reached skill level 1 in Earth Magic
 15975 | Lair:4   | Learned a level 6 spell: Freezing Cloud
 16154 | Lair:4   | Killed a fire dragon
 16814 | Lair:5   | Noticed Josephine
 16817 | Lair:5   | Killed Josephine
 17180 | Lair:5   | Noticed civil's ghost (journeyman DDFi)
 17214 | Lair:5   | Learned a level 7 spell: Orb of Destruction
 17442 | Lair:5   | Killed civil's ghost
 17459 | Lair:5   | Found a shadowy altar of Dithmenos.
 17839 | Lair:6   | Entered Level 6 of the Lair of Beasts
 17840 | Lair:6   | Reached skill level 13 in Spellcasting
 17845 | Lair:6   | Reached XP level 14. HP: 99/99 MP: 13/31
 18138 | Lair:6   | Found a staircase to the Slime Pits.
 18187 | Lair:6   | Offered knowledge of Bolt of Cold by Vehumet.
 18204 | Lair:6   | Reached skill level 5 in Earth Magic
 18231 | Lair:6   | Noticed THUG4L1F3's ghost (journeyman TrMo)
 18870 | Lair:6   | Killed THUG4L1F3's ghost
 18954 | Lair:6   | Found a radiant altar of Vehumet.
 19161 | Lair:6   | Reached skill level 14 in Spellcasting
 19436 | Lair:6   | Got a crude granite ring
 19439 | Lair:6   | Identified the ring "Kaixav" {-Tele +Fly rElec rC++ rN+} (You found it on level 6 of the Lair of Beasts)
 19923 | Orc:1    | Entered Level 1 of the Orcish Mines
 20161 | Orc:2    | Entered Level 2 of the Orcish Mines
 20201 | Orc:2    | Reached ****** piety under Vehumet
 20201 | Orc:2    | Reached skill level 1 in Fighting
 20404 | Orc:2    | Noticed an orc warlord
 20409 | Orc:2    | Killed an orc warlord
 20409 | Orc:2    | Reached skill level 1 in Air Magic
 20788 | Orc:2    | Found a roughly hewn altar of Beogh.
 21043 | Orc:2    | Found Ewnietokk's General Store.
 21048 | Orc:2    | Found Goacosh's Antique Weapon Shop.
 21068 | Orc:2    | Found Komarr's Jewellery Shop.
 21093 | Orc:2    | Found Ugafapt's Antique Armour Shop.
 21116 | Orc:2    | Bought a scroll of identify for 24 gold pieces
 21179 | Orc:2    | Found a staircase to the Elven Halls.
 21314 | Orc:2    | Offered knowledge of Poison Arrow by Vehumet.
 21356 | Orc:2    | Found a roughly hewn altar of Beogh.
 21532 | Orc:2    | Found a roughly hewn altar of Beogh.
 21767 | Orc:1    | Noticed Fannar
 21770 | Orc:1    | Killed Fannar
 21774 | Orc:1    | Gained mutation: Your flesh is cold resistant. (rC+) [demonic ancestry]
 21774 | Orc:1    | Reached XP level 15. HP: 118/118 MP: 6/33
 21845 | Orc:1    | Found a roughly hewn altar of Beogh.
 22156 | Snake:1  | Entered Level 1 of the Snake Pit
 22234 | Snake:1  | Reached skill level 5 in Fighting
 22538 | Lair:2   | Learned a level 6 spell: Poison Arrow
 22873 | Snake:1  | Found Nugijong's Antique Armour Boutique.
 22877 | Snake:1  | Bought a glowing helmet for 285 gold pieces
 22907 | Snake:2  | Noticed Louise
 23537 | Snake:1  | Learned a level 6 spell: Freezing Cloud
 23588 | Swamp:1  | Entered Level 1 of the Swamp
 23629 | Swamp:1  | Reached skill level 1 in Ice Magic
 23993 | Swamp:1  | Reached skill level 5 in Air Magic
 24332 | Swamp:1  | Noticed Donald
 24364 | Swamp:1  | Slain by Donald

Vault maps used:
D:1:      onia_arrival_handbag
D:2:      minmay_tromino_v4_a
D:3:      first_bread, uniq_natasha
D:4:      serial_shops, nicolae_shop_waterfront
D:5:      lemuel_crystal_altar, minmay_temple_entry_nine_rooms, basic_altar
D:7:      serial_shops, nicolae_shop_statue_plus, uniq_prince_ribbit1
D:8:      enter_bailey_3, david_nohive_1, kennysheep_cross_bottleneck,
          uniq_joseph
D:9:      fedhas_bush_and_centaur_altar
D:10:     special_room, kb_lookout_dungeons_type, nicolae_two_hexagons
D:11:     lair_entry_dummy, st_stairs_7, uniq_nergalle
D:12:     david_orc_4
D:13:     nicolae_ru_sacrificial_ziggurat
Temple:   roderic_octagonal_lattice_temple
Lair:1:   minivault_25, serial_bayou_shore_b, grunt_megastairs_1
Lair:2:   gammafunk_lair_enchanted_lake, guppyfry_snake_entry_garden,
          serial_bayou, serial_bayou_lake_a, serial_bayou_pond_d,
          serial_bayou_pond_d, serial_bayou_pond_c, serial_bayou_shore_b,
          uniq_erica
Lair:3:   minmay_swamp_entry_worms, grunt_megastairs_3, lemuel_fruit_fields
Lair:4:   columned_hall_lemuel, bobbens_dragon_lair_wall
Lair:5:   lemuel_centaur_altar, uniq_josephine
Lair:6:   evilmike_catoblepas_cave, nicolae_slime_entry_slimehenge, basic_altar,
          ldierk_geyser
Swamp:1:  evilmike_swamp_ruin_house_5, uniq_donald
Snake:1:  serial_shops, shop, serial_bayou_shore_b
Snake:2:  lemuel_fruit_tree, uniq_aizul, uniq_louise
Orc:1:    basic_altar, uniq_fannar
Orc:2:    grunt_orc_cross, basic_altar, minmay_orc_temple_a
Bailey:   bailey_polearm_5, bailey

Skill      XL: |  1  2  3  4  5  6  7  8  9 10 11 12 13 14 15 |
---------------+----------------------------------------------+-----
Fire Magic     | 3 4 5 6 8 9 10 12 13 | 13.0
Conjurations   | 2 3 4 5 6 8 9 11 12 13 | 13.3
Spellcasting   | 3 4 5 6 8 9 10 11 13 14 | 14.5
Earth Magic    | 3 7 |  7.3
Fighting       | 4 6 |  6.1
Air Magic      | 4 5 |  5.1
Ice Magic      | 3 |  3.0
Dodging        | |  1.7
Stealth        | |  1.7

Action                   |  1- 3 |  4- 6 |  7- 9 | 10-12 | 13-15 || total
-------------------------+-------+-------+-------+-------+-------++-------
Melee: Unarmed           |    20 |       |       |    21 |       ||    41
       Spear             |   100 |    79 |   111 |   493 |       ||   783
       Kick              |       |       |       |    27 |    27 ||    54
       Quarterstaff      |       |       |       |       |   213 ||   213
 Cast: Flame Tongue      |    35 |    96 |    57 |   183 |   180 ||   551
       Sticky Flame      |       |       |    12 |    65 |   100 ||   177
       Fireball          |       |       |    10 |   126 |   169 ||   305
       Orb of Destructio |       |       |       |       |    20 ||    20
       Bolt of Fire      |       |       |       |       |     6 ||     6
       Freezing Cloud    |       |       |       |       |     2 ||     2
       Iron Shot         |       |       |       |       |     2 ||     2
       Poison Arrow      |       |       |       |       |     3 ||     3
       Mephitic Cloud    |       |       |       |       |     1 ||     1
Evoke: Wand              |       |       |       |     1 |     2 ||     3
  Use: Scroll            |       |       |     7 |    11 |    17 ||    35
       Potion            |       |       |       |     4 |     5 ||     9
 Stab: Sleeping          |     1 |     2 |     2 |     3 |     1 ||     9
       Distracted        |       |       |       |     1 |       ||     1
  Eat: Chunk             |     1 |     7 |    13 |    49 |    49 ||   119
       Fruit             |       |       |       |     3 |    17 ||    20
Armor: Robe              |    27 |    30 |    26 |   101 |   113 ||   297
       Troll leather arm |       |       |       |    58 |       ||    58
Dodge: Dodged            |   126 |   111 |   191 |   568 |   401 ||  1397

Table legend:
 A = Spawn XP
 B = Non-spawn XP
 C = Spawn XP percentage of total XP
 D = Spawn monster count
 E = Non-spawn monster count
 F = Spawn count percentage of total count
 G = Total turns spent on level
                    A         B        C        D         E        F      G
               +---------+---------+-------+---------+---------+-------+---------
         Total |       0 |  123271 |   0.0 |       0 |     754 |   0.0 | 24364
               +---------+---------+-------+---------+---------+-------+---------
           D:1 |       0 |      42 |   0.0 |       0 |      23 |   0.0 |   660
           D:2 |       0 |     109 |   0.0 |       0 |      32 |   0.0 |   837
           D:3 |       0 |     288 |   0.0 |       0 |      22 |   0.0 |   872
           D:4 |       0 |     149 |   0.0 |       0 |      10 |   0.0 |   642
           D:5 |       0 |     106 |   0.0 |       0 |       9 |   0.0 |   661
           D:6 |       0 |     205 |   0.0 |       0 |       9 |   0.0 |   855
           D:7 |       0 |    1399 |   0.0 |       0 |      27 |   0.0 |   724
           D:8 |       0 |    2982 |   0.0 |       0 |      39 |   0.0 |   925
           D:9 |       0 |    1911 |   0.0 |       0 |      31 |   0.0 |   992
          D:10 |       0 |    2699 |   0.0 |       0 |      46 |   0.0 |   886
          D:11 |       0 |    4313 |   0.0 |       0 |      30 |   0.0 |   888
          D:12 |       0 |    8145 |   0.0 |       0 |      70 |   0.0 |  1336
          D:13 |       0 |    6703 |   0.0 |       0 |      24 |   0.0 |  1044
        Lair:1 |       0 |    2536 |   0.0 |       0 |      12 |   0.0 |   780
        Lair:2 |       0 |    7647 |   0.0 |       0 |      26 |   0.0 |  2031
        Lair:3 |       0 |    6745 |   0.0 |       0 |      34 |   0.0 |  1110
        Lair:4 |       0 |    8557 |   0.0 |       0 |      30 |   0.0 |  1020
        Lair:5 |       0 |    4659 |   0.0 |       0 |      17 |   0.0 |  1553
        Lair:6 |       0 |   26088 |   0.0 |       0 |      82 |   0.0 |  1736
       Swamp:1 |       0 |    9118 |   0.0 |       0 |      21 |   0.0 |   776
       Snake:1 |       0 |    5658 |   0.0 |       0 |      13 |   0.0 |   763
       Snake:2 |       0 |    5181 |   0.0 |       0 |       9 |   0.0 |   319
         Orc:1 |       0 |    2314 |   0.0 |       0 |      30 |   0.0 |   623
         Orc:2 |       0 |   11966 |   0.0 |       0 |      68 |   0.0 |  1494
        Bailey |       0 |    3751 |   0.0 |       0 |      40 |   0.0 |   697
               +---------+---------+-------+---------+---------+-------+---------
